 Dungeon Crawl Stone Soup version 0.26-a0-663-g36e8fdb655 (webtiles) character file.

Game seed: 525529015197301619

11258 ZhuZhu the Blocker (level 11, -13/97 HPs)
             Began as a Minotaur Fighter on Oct 10, 2020.
             Was a High Priest of Makhleb.
             Mangled by a sun demon (15 damage)
             ... summoned by an orc sorcerer
             ... while paralysed by an orc sorcerer
             ... on level 2 of the Orcish Mines.
             The game lasted 01:17:52 (10137 turns).

ZhuZhu the Blocker (Minotaur Fighter)              Turns: 10137, Time: 01:17:53

Health: -13/97     AC: 16    Str: 25 (26) XL:     11   Next: 47%
Magic:  11/11      EV:  2    Int: 11      God:    Makhleb [*****.]
Gold:   19         SH:  0    Dex:  8 (10) Spells: 10/10 levels left

rFire    . . .     SeeInvis .   a - +2 long sword
rCold    + . .     Faith    .   u - +3 tower shield
rNeg     . . .     Spirit   .   Q - +3 chain mail {rC+}
rPois    .         Reflect  .   p - +0 hat
rElec    .         Harm     .   (no cloak)
rCorr    .         Rampage  .   (no gloves)
MR       .....     Rnd*Tele +   k - +0 pair of boots
Stlth    ..........             C - amulet of regeneration
HPRegen  0.66/turn              O - +6 ring of intelligence
MPRegen  0.12/turn              y - ring of flight

@: paralysed
A: retaliatory headbutt, horns 2, sense surroundings 1, strong 1, teleportitis 1
a: Minor Destruction, Lesser Servant of Makhleb, Major Destruction, Greater
Servant of Makhleb, Renounce Religion, Evoke Flight


You were on level 2 of the Orcish Mines.
You worshipped Makhleb.
Makhleb was extremely pleased with you.
You visited 2 branches of the dungeon, and saw 12 of its levels.

You collected 907 gold pieces.
You spent 888 gold pieces at shops.

Inventory:

Hand Weapons
 a - a +2 long sword (weapon)
 h - a +0 short sword of speed
 I - a +2 spear of freezing
 K - a +3 trident
 R - a +2 mace of protection
Armour
 c - a +0 kite shield
 d - a +0 plate armour
 k - a +0 pair of boots (worn)
 p - a +0 hat (worn)
 u - a +3 tower shield (worn)
 G - a +0 chain mail
 J - +0 steam dragon scales
 Q - a +3 chain mail of cold resistance (worn)
Jewellery
 b - an uncursed ring of protection from cold
 t - an uncursed amulet of inaccuracy
 w - a +6 ring of intelligence
 y - a ring of flight (right hand)
 C - an amulet of regeneration (around neck)
 O - a +6 ring of intelligence (left hand)
Wands
 n - a wand of random effects (8)
 v - a wand of polymorph (11)
 D - a wand of flame (19)
 M - a wand of acid (9)
 P - a wand of digging (6)
Scrolls
 g - 6 scrolls of teleportation
 j - 3 scrolls of immolation
 l - 4 scrolls of remove curse
 m - 3 scrolls of amnesia
 q - 2 scrolls of fog
 s - a scroll of fear
 x - a scroll of holy word
 A - a scroll of noise
 N - a scroll of random uselessness
Potions
 e - 2 potions of flight
 f - a potion of mutation
 i - 4 potions of degeneration
 o - a potion of ambrosia {unknown}
 r - a potion of lignification
 B - a potion of brilliance {unknown}
 E - a potion of invisibility {unknown}
 F - 2 potions of might


   Skills:
 + Level 9.2 Fighting
 + Level 11.6 Long Blades
 + Level 10.1 Armour
 + Level 4.8 Dodging
 + Level 1.5 Stealth
 + Level 12.2 Shields
 + Level 1.5 Invocations


You had 10 spell levels left.
You didn't know any spells.
Your spell library contained the following spells:

 Spells                   Type           Power        Failure   Level
 Sandblast                Erth           #.....       100%        1
 Passwall                 Tmut/Erth      #.......     100%        2
 Stone Arrow              Conj/Erth      #.....       100%        3
 Petrify                  Tmut/Erth      #.......     100%        4
 Lee's Rapid Deconstruct  Erth           #.........   100%        5


Dungeon Overview and Level Annotations

Branches:
Dungeon (10/15)            Temple (0/1) D:7             Orc (2/2) D:10
   Lair: D:8-11         Elf: Orc:2

Altars:
Dithmenos
Elyvilon
Gozag
Kikubaaqudgha
Makhleb
Okawaru
Qazlal
Zin
Beogh

Shops:
D:3 *   D:6 *   Orc:1 *   Orc:2 [!


Innate Abilities, Weirdness & Mutations

You reflexively headbutt those who attack you in melee.
You have a pair of horns on your head.
You passively map a small area around you.
Your muscles are strong. (Str +2)
You are occasionally teleported next to monsters.


Message History

The orc sorcerer hits you but does no damage.
The hellwing hits you.
The hellwing hits you but does no damage.
You barely miss the orc sorcerer.
The orc sorcerer is almost dead.
The sun demon hits you but does no damage.
The orc sorcerer points at you and mumbles some strange words.
You suddenly lose the ability to move!
The hellwing hits you!
The hellwing hits you but does no damage.
The sun demon hits you!
You are engulfed in flames!
* * * LOW HITPOINT WARNING * * *
The orc sorcerer hits you but does no damage.
The sun demon hits you but does no damage.
The hellwing hits you but does no damage.
The hellwing barely misses you.
The orc sorcerer points at you and mumbles some strange words.
The bolt of fire hits you!!
* * * LOW HITPOINT WARNING * * *
The sun demon hits you!
You die...

..##............[.[.[........ ,
..##...#....)......#.[..##.......
....#.###........).##...#........
....... #........................
................................
...........................§§§. ,
.....######..###4###.#######§§#*
.....#∩...#..# #o# #.# #.§#
..#..#....#..###@###.#######§§#
.....#....#....3.4........§§§§#
.....###'##..........###.###§§##'
§.....).......⌠...⌠..# #.# #§§§..
#....###[##..........# #.# #.###o
##.§§#..).#..###'###.###.###.#
##§§#....#..#.....#.....o...# ,
#§§#....#..#.....#4###.###.# ,
#§§#∩...#..#.._..#.# #.# #.#


You could see a sun demon (summoned), 2 hellwings and an orc sorcerer.

Vanquished Creatures
  Harold (D:7)
  Erolcha (D:9)
  An orc knight (Orc:2)
  5 orc sorcerers
  Grum (D:8)
  7 wargs
  8 orc warriors
  2 ice beasts
  4 sky beasts
  2 necrophages
  2 wolves (D:8)
  8 ogres
  7 centaurs
  A big kobold (D:7)
  6 bullfrogs
  5 scorpions
  4 killer bees (D:10)
  5 wights (D:8)
  A howler monkey (D:8)
  3 bullfrog skeletons
  2 centaur zombies
  9 hounds
  6 orc priests
  3 jellies
  A centaur skeleton (D:4)
  An iguana (D:4)
  28 orc wizards
  6 worker ants
  2 killer bee zombies
  A hound skeleton (D:7)
  5 worker ant zombies
  5 gnolls
  A howler monkey skeleton (D:8)
  10 adders
  3 shadow imps
  A white imp (D:5)
  4 ufetubi
  2 oozes
  An adder zombie (D:5)
  An adder skeleton (D:4)
  A worm (D:2)
  3 dart slugs
  2 leopard geckos
  69 orcs
  8 giant cockroaches
  4 goblins
  6 hobgoblins
  9 jackals
  10 kobolds
  4 quokkas
  A ball python (D:2)
  7 bats
  4 frilled lizards
  A jackal zombie (D:7)
  A leopard gecko zombie (D:5)
  A quokka skeleton (D:8)
  A quokka zombie (D:7)
  5 rats
  2 bushes (D:9)
305 creatures vanquished.

Vanquished Creatures (collateral kills)
  An orc sorcerer (Orc:2)
  A steam dragon (D:9)
  A warg (Orc:2)
  2 howler monkeys (D:9)
  A bullfrog skeleton (D:9)
  2 orc wizards (Orc:2)
  3 gnolls (D:9)
  2 orcs (Orc:2)
  A jackal (D:9)
  A quokka skeleton (D:9)
  A bush (D:9)
16 creatures vanquished.

Vanquished Creatures (others)
  3 orcs (Orc:2)
  A fungus (D:9)
  4 toadstools (D:9)
8 creatures vanquished.

Grand Total: 329 creatures vanquished

Notes
Turn   | Place    | Note
-------+----------+-------------------------------------------
     0 | D:1      | ZhuZhu the Minotaur Fighter began the quest for the Orb.
     0 | D:1      | Reached XP level 1. HP: 19/19 MP: 0/0
   185 | D:1      | Reached XP level 2. HP: 27/27 MP: 1/1
   830 | D:2      | Reached skill level 4 in Shields
   851 | D:2      | Reached XP level 3. HP: 33/33 MP: 2/2
  1450 | D:3      | Reached XP level 4. HP: 36/40 MP: 3/3
  1659 | D:3      | Found a burning altar of Makhleb.
  1670 | D:3      | Became a worshipper of Makhleb the Destroyer
  1911 | D:3      | Reached XP level 5. HP: 43/46 MP: 4/4
  1939 | D:3      | Found an iron altar of Okawaru.
  2003 | D:3      | Found Gozag's Platinum Reserve.
  2067 | D:3      | Found an opulent altar of Gozag.
  2109 | D:3      | Reached * piety under Makhleb
  2109 | D:3      | Reached skill level 5 in Long Blades
  2576 | D:4      | Found a stormy altar of Qazlal.
  2609 | D:4      | Reached skill level 5 in Armour
  2945 | D:4      | Noticed an ogre
  2946 | D:4      | Reached XP level 6. HP: 52/52 MP: 5/5
  2951 | D:4      | Reached skill level 1 in Dodging
  3246 | D:5      | Entered Level 5 of the Dungeon
  3364 | D:5      | Reached XP level 7. HP: 36/60 MP: 6/6
  3710 | D:5      | Reached skill level 5 in Fighting
  4156 | D:6      | Reached skill level 5 in Shields
  4245 | D:6      | Found a white marble altar of Elyvilon.
  4458 | D:6      | Found a shadowy altar of Dithmenos.
  4467 | D:6      | Reached ** piety under Makhleb
  4660 | D:6      | Reached XP level 8. HP: 70/70 MP: 7/7
  4791 | D:6      | Found Zulen's Assorted Antiques.
  4794 | D:6      | Bought a scroll of identify for 34 gold pieces
  4794 | D:6      | Bought a blackened ruby amulet for 85 gold pieces
  4794 | D:6      | Bought a potion of might for 68 gold pieces
  4794 | D:6      | Bought a scroll of identify for 34 gold pieces
  4794 | D:6      | Bought a scroll of identify for 34 gold pieces
  5046 | D:6      | Reached skill level 6 in Shields
  5591 | D:7      | Found an ancient bone altar of Kikubaaqudgha.
  5613 | D:7      | Noticed Harold
  5645 | D:7      | Killed Harold
  5645 | D:7      | Reached skill level 7 in Shields
  5645 | D:7      | Reached XP level 9. HP: 55/79 MP: 8/8
  5734 | D:7      | Found a staircase to the Ecumenical Temple.
  5964 | D:7      | Reached *** piety under Makhleb
  6335 | D:8      | Reached skill level 8 in Shields
  6640 | D:8      | Noticed Grum
  6676 | D:8      | Killed Grum
  6676 | D:8      | Reached skill level 10 in Long Blades
  6861 | D:8      | Reached XP level 10. HP: 88/88 MP: 9/9
  6886 | D:8      | Reached skill level 9 in Shields
  7012 | D:8      | Found a glowing silver altar of Zin.
  7012 | D:8      | Noticed an angel
  7432 | D:9      | Reached **** piety under Makhleb
  8089 | D:10     | Entered Level 10 of the Dungeon
  8089 | D:10     | Noticed Erolcha
  8100 | D:9      | Killed Erolcha
  8100 | D:9      | Reached skill level 1 in Stealth
  8100 | D:9      | Reached skill level 10 in Shields
  8545 | D:10     | Found a staircase to the Orcish Mines.
  8831 | Orc:1    | Entered Level 1 of the Orcish Mines
  8831 | Orc:1    | Found Exytz's General Store.
  8912 | Orc:1    | Bought a +3 chain mail of cold resistance for 318 gold
                  | pieces
  9035 | Orc:1    | Bought a scroll of identify for 24 gold pieces
  9035 | Orc:1    | Bought a potion of berserk rage for 60 gold pieces
  9051 | Orc:2    | Entered Level 2 of the Orcish Mines
  9102 | Orc:2    | Noticed an orc knight
  9120 | Orc:2    | Killed an orc knight
  9120 | Orc:2    | Reached skill level 11 in Shields
  9176 | Orc:2    | Reached skill level 1 in Invocations
  9176 | Orc:2    | Reached XP level 11. HP: 95/95 MP: 9/11
  9209 | Orc:2    | Noticed an orc sorcerer
  9209 | Orc:2    | Noticed an orc sorcerer
  9209 | Orc:2    | Paralysed by an orc sorcerer for 6 turns
  9216 | Orc:2    | Noticed an orc sorcerer
  9226 | Orc:2    | Noticed a sixfirhy
  9226 | Orc:2    | HP: 2/95 [warg (11)]
  9404 | Orc:1    | Killed an orc sorcerer
  9527 | Orc:1    | Gained mutation: You expend magic power (3 MP) to
                  | strengthen your wands. [a neqoxec]
  9528 | Orc:1    | Gained mutation: Your body sometimes deteriorates upon
                  | taking damage. [a neqoxec]
  9532 | Orc:1    | Killed an orc sorcerer
  9665 | Orc:2    | Killed an orc sorcerer
  9665 | Orc:2    | Reached skill level 10 in Armour
  9695 | Orc:2    | Reached ***** piety under Makhleb
  9846 | Orc:2    | Found a roughly hewn altar of Beogh.
  9867 | Orc:2    | Noticed an orc sorcerer
  9881 | Orc:2    | Killed an orc sorcerer
  9881 | Orc:2    | Reached skill level 12 in Shields
  9897 | Orc:2    | Noticed an orc sorcerer
  9915 | Orc:2    | Killed an orc sorcerer
  9921 | Orc:2    | HP: 4/97 [poisoned by an orc sorcerer]
  9926 | Orc:2    | HP: 2/97 [poisoned by an orc sorcerer]
  9932 | Orc:2    | HP: 2/97 [poisoned by an orc sorcerer]
  9934 | Orc:2    | Noticed an orc sorcerer
  9968 | Orc:2    | Killed an orc sorcerer
  9974 | Orc:2    | Found Sudghe's Distillery.
  9974 | Orc:2    | Found Segu's Antique Armour Boutique.
 10095 | Orc:2    | Bought a potion of heal wounds for 55 gold pieces
 10095 | Orc:2    | Bought 2 potions of might for 88 gold pieces
 10095 | Orc:2    | Bought a potion of mutation for 88 gold pieces
 10095 | Orc:2    | Lost mutation: You expend magic power (3 MP) to strengthen
                  | your wands. [potion of mutation]
 10095 | Orc:2    | Lost mutation: Your body sometimes deteriorates upon taking
                  | damage. [potion of mutation]
 10095 | Orc:2    | Gained mutation: You are occasionally teleported next to
                  | monsters. [potion of mutation]
 10095 | Orc:2    | Gained mutation: You passively map a small area around you.
                  | [potion of mutation]
 10095 | Orc:2    | Gained mutation: Your muscles are strong. (Str +2) [potion
                  | of mutation]
 10116 | Orc:2    | Noticed an orc sorcerer
 10117 | Orc:2    | Paralysed by an orc sorcerer for 6 turns
 10127 | Orc:2    | Noticed a sun demon
 10135 | Orc:2    | Paralysed by an orc sorcerer for 4 turns
 10137 | Orc:2    | HP: 2/97 [orc sorcerer/bolt of fire (19)]
 10137 | Orc:2    | Mangled by a sun demon

Illustrated notes

Levels and vault maps discovered:
D:1:      minmay_arrival_diagonal_passages, layout_loops_cross
D:2:      layout_rooms
D:3:      layout_loops_ring, okawaru_gym_becter, lightli_temple_of_fire,
          nicolae_gozag_zags_fifth_avenue
D:4:      layout_basic, grunt_qazlal_sundering
D:5:      layout_basic
D:6:      layout_gridville, elyvilon_altar_4, grunt_dithmenos_smoke,
          serial_shops, nicolae_shop_window_shopping, st_stairs_13,
          minmay_misc_feat_secret_circle, chequers_serial_rivers_marsh
D:7:      layout_cave_pods, nicolae_overflow_crystal_walls, temple_green,
          uniq_harold
D:8:      layout_basic, zin_angel, uniq_grum
D:9:      layout_roguey, minmay_gold_behind_fungi, nrook_campfire,
          minmay_hedge_maze
D:10:     layout_roguey, orc_0_dummy, uniq_erolcha
Orc:1:    layout_caves, serial_shops, shop
Orc:2:    st_orc_town, layout_caves

Skill      XL: |  1  2  3  4  5  6  7  8  9 10 11 |
---------------+----------------------------------+-----
Armour         | 4 5 6 8 9 10 | 10.1
Fighting       | 4 5 7 8 9 |  9.2
Shields        | 4 5 7 8 11 12 | 12.2
Long Blades    | 3 4 5 6 7 9 10 11 | 11.6
Dodging        | 1 2 3 4 |  4.8
Stealth        | 1 |  1.5
Invocations    | 1 |  1.5

Action                   |  1- 3 |  4- 6 |  7- 9 | 10-12 || total
-------------------------+-------+-------+-------+-------++-------
Melee: Long sword        |   107 |   118 |   369 |   529 ||  1123
       Headbutt          |    12 |    21 |    81 |   129 ||   243
Invok: Lesser Servant of |       |       |       |     8 ||     8
  Use: Scroll            |     4 |    11 |    11 |    13 ||    39
       Potion            |     1 |     1 |     4 |    11 ||    17
 Stab: Distracted        |       |       |       |     2 ||     2
       Fleeing           |       |       |       |     1 ||     1
Armor: Scale mail        |    52 |    31 |    83 |       ||   166
       Chain mail        |       |       |    58 |   177 ||   235
       Skin              |       |       |       |    23 ||    23
Dodge: Dodged            |    27 |    30 |    87 |    86 ||   230
Block: Kite shield       |    61 |    54 |   139 |       ||   254
       Tower shield      |       |       |   101 |   640 ||   741
       Rpst.: Long sword |    10 |     7 |    18 |    22 ||    57

Table legend: (Time is in decaauts)
 A = Elapsed time spent in this place.
 B = Non-inter-level travel time spent in this place.
 C = Inter-level travel time spent in this place.
 D = Time resting spent in this place.
 E = Time spent auto-exploring this place.
 F = Levels seen in this place.
 G = Mean time per level.
                   A        B        C        D        E       F      G
               +--------+--------+--------+--------+--------+-----+--------+
         Total |  10205 |   9006 |   1199 |      0 |   6626 |  12 |  850.4 |
       Dungeon |   8907 |   7816 |   1091 |      0 |   6012 |  10 |  890.7 |
  Orcish Mines |   1298 |   1190 |    108 |      0 |    614 |   2 |  649.0 |
               +--------+--------+--------+--------+--------+-----+--------+

Top non-repeatable levels by time:
     D:3: 1338 daAuts
     D:7: 1099 daAuts
     D:6: 998 daAuts
     D:9: 963 daAuts
     D:5: 912 daAuts
     D:8: 902 daAuts
    D:10: 724 daAuts
     D:4: 701 daAuts
   Orc:2: 687 daAuts
     D:1: 681 daAuts
   Orc:1: 610 daAuts
     D:2: 584 daAuts
